How to beat #1 allied team

Match 36237698
End
Selects Italian Combined Arms Battlegroup
Selects Bersaglieri Squad
Bersaglieri Squad
250 Light Carrier
Bersaglieri Squad
Construct Light Support Kompanie
Selects Bersaglieri Bolster
Panzerjäger Squad
MG34 Team
Fire Support Elements
Flakvierling Half-track
Vehicle Survival Package
2.5-tonne Medical Truck
Selects Breda Model 30 Light Machine Guns
Veteran Squad Leaders
Construct Panzerarmee Kommand
Pak 38 Mechanized Group
Armored Reserves
Selects Semovente da 75/18 Assault Gun
Selects Strafing Run
2.5-tonne Medical Truck
MG34 Team
BamboneWertherone ITA
Capibimbambombolilalone ITA
FLOKL
ashilrye
汗流浃背德棍
Dirkradix
0
0

Comments sign in to comment!

No comments posted yet!